AoeStats
← tom

Glade

503250075Analyzed
1v1 RM · 1mo ago on Aug 30, 2026· 57m 2s· 2 players
Game mode
Random Map
Map size
Tiny (2 player)
Population
200
Speed
Normal
Resources
Standard
Victory
Conquest
Starting age
Dark Age
Ending age
Imperial Age
RankedLock teamsTeams togetherTeam positionsShared explorationLock speedFull tech treeHidden civsTurbo modeCheats
Victory
Defeat
🇳🇱 Portuguese · Netherlands
756
+16
🇱🇻 Japanese · Latvia
756
-16
stephenskocpol
2:38 Loom
10:44 Feudal Age
11:17 Double-Bit Axe
11:14 Horse Collar
15:53 Fletching
16:03 Padded Archer Armor
21:24 Castle Age
23:13 Bow Saw
23:01 Bodkin Arrow
22:37 Crossbowman
23:23 Thumb Ring
29:09 Leather Archer Armor
30:49 Ballistics
35:39 Imperial Age
33:59 Elite Skirmisher
37:54 Two-Man Saw
38:24 Chemistry
38:56 Circumnavigation
39:14 Heavy Plow
39:43 Siege Engineers
40:14 Guilds
41:08 Wheelbarrow
40:18 Town Watch
41:10 Crop Rotation
40:36 Gold Mining
40:37 Stone Mining
41:24 Arbalester
43:01 Bracer
43:31 Ring Archer Armor
44:13 Ring Archer Armor
45:18 Masonry
45:20 Fortified Wall
44:47 Pikeman
45:34 Arson
46:47 Stone Shaft Mining
46:44 Scale Mail Armor
47:43 Chain Mail Armor
47:39 Forging
48:34 Architecture
48:32 Town Patrol
48:48 Hand Cart
50:27 Halberdier
50:56 Arson
52:21 Block Printing
52:17 Fervor
52:28 Sanctity
52:11 Devotion
53:07 Arquebus
tom
7:47 Loom
11:15 Feudal Age
11:16 Man-at-Arms
11:44 Arson
15:04 Double-Bit Axe
15:49 Horse Collar
18:04 Fletching
20:15 Scale Mail Armor
21:31 Wheelbarrow
23:00 Gold Mining
23:02 Stone Mining
25:30 Castle Age
25:49 Long Swordsman
31:52 Scale Barding Armor
31:59 Forging
32:33 Husbandry
33:00 Bloodlines
33:28 Chain Barding Armor
37:30 Elite Skirmisher
39:02 Padded Archer Armor
42:25 Leather Archer Armor
43:01 Ballistics
44:44 Thumb Ring
45:44 Bodkin Arrow
46:41 Iron Casting
50:59 Hand Cart
51:03 Murder Holes
53:10 Chain Mail Armor
55:17 Light Cavalry
Connection lost

Rejoining the realm…

Still unreachable

The connection could not be restored.

Session expired

The server has moved on; the page needs a fresh start.